 Dungeon Crawl Stone Soup version 0.28-a0-178-ga708605c5b (webtiles) character file.

Game seed: 1905782587483285224

31 Smaepdii the Magician (level 3, -2/27 HPs)
             Began as a Djinni Venom Mage on Aug 18, 2021.
             Slain by an orc (7 damage)
             ... on level 2 of the Dungeon.
             The game lasted 00:05:15 (1069 turns).

Smaepdii the Magician (Djinni Venom Mage)           Turns: 1069, Time: 00:05:15

Health: -2/27      AC:  2    Str:  7    XL:     3   Next: 40%
Gold:   28         EV: 12    Int: 16    God:
                   SH:  0    Dex: 14

rFire   + + .      SeeInvis .   i - +2 dagger (elec)
rCold   x . .      Faith    .   (no shield)
rNeg    . . .      Spirit   .   a - +0 robe
rPois   ∞          Reflect  .   (no helmet)
rElec   .          Harm     .   (no cloak)
rCorr   .          Rampage  .   (no gloves)
Will    .....                   (boots unavailable)
Stlth   ++........              (no amulet)
HPRegen 0.09/turn               (no ring)
MPRegen 0.00/turn               (no ring)

@: flying
A: sickness immunity, fire resistance 2, cold vulnerability 1, float, innate
caster, hp casting, extra vitality 1
a: no special abilities


You were on level 2 of the Dungeon.
You visited 1 branch of the dungeon, and saw 2 of its levels.

You collected 28 gold pieces.

Inventory:

Hand Weapons
 i - a +2 dagger of electrocution (weapon)
Armour
 a - a +0 robe (worn)
Scrolls
 b - a scroll of teleportation {unknown}
 c - 2 scrolls of identify {unknown}
 d - a scroll of fear {unknown}
 e - a scroll of amnesia {unknown}
 f - 3 scrolls of immolation {unknown}
Potions
 g - a potion of degeneration {unknown}
 h - a potion of curing {unknown}


   Skills:
 + Level 1.1 Fighting
 + Level 0.2 Short Blades
 + Level 2.6 Dodging
 - Level 1.5 Stealth
 * Level 2.9 Spellcasting


You couldn't memorise any spells.
You knew the following spells:

 Your Spells              Type           Power      Damage    Failure   Level
a - Sting                 Tmut/Pois      44%        1d5       5%          1
b - Poisonous Vapours     Pois/Air       22%        N/A       9%          2
c - Mephitic Cloud        Conj/Pois/Air  11%        N/A       17%         3
d - Olgreb's Toxic Radia  Pois           11%        N/A       50%         4
e - Shock                 Conj/Air       44%        1d5       5%          1
Your spell library was empty.

Dungeon Overview and Level Annotations

Branches:
Dungeon (2/15)

Altars:

Shops:
D:1 (


Innate Abilities, Weirdness & Mutations

You are immune to sickness and miasma.
You are immune to poison.
Your flesh is very heat resistant. (rF++)
You are vulnerable to cold. (rC-)
You float through the air rather than walking.
You learn spells naturally, not from books.
Your magical power is your life essence.
You have superior vitality. (+4 HP)


Message History

You hit the orc.
The orc is severely wounded.
The orc closely misses you.
You hit the orc. Lightning courses through the orc!
You kill the orc!
You barely miss the worm.
The worm is lightly wounded.
The worm bites you!
* * * LOW HITPOINT WARNING * * *
The orc shouts!
Your magical contamination has completely faded away.
The worm looks more healthy.
You reach down and open the door.
The orc closely misses you.
There is an open door here.
Items here: ))) [[[ ††.
Casting: Poisonous Vapours (safe; 9% risk of failure)
Confirm with . or Enter, or press ? or * to list all spells.
Aiming: Poisonous Vapours (safe; 9% risk of failure)
Press: ? - help, Dir - move target, f - orc
Aim: an orc, wielding a +2 falchion of protection
Okay, then.
Casting: Poisonous Vapours (safe; 9% risk of failure)
Confirm with . or Enter, or press ? or * to list all spells.
Aiming: Sting (safe; 5% risk of failure)
Press: ? - help, Shift-Dir - straight line, f - orc
Aim: an orc, wielding a +2 falchion of protection (71% to hit)
The sting hits the orc but does no damage.
The orc is poisoned.
* * * LOW HITPOINT WARNING * * *
The orc barely misses you.
Casting: Sting (safe; 5% risk of failure)
Confirm with . or Enter, or press ? or * to list all spells.
Aiming: Sting (safe; 5% risk of failure)
Press: ? - help, Shift-Dir - straight line, f/p - orc
Aim: an orc, wielding a +2 falchion of protection (moderately wounded, poisoned, 71% to hit)
The sting hits the orc.
The orc looks even sicker.
The orc is heavily wounded.
* * * LOW HITPOINT WARNING * * *
The orc hits you with a +2 falchion of protection!
You die...

#.#.....###.##
#.####.......# #.#
#...##..# #.# #...# .
#.#.# #w..# . #.#.#
#...# #.#.#.# #...#
###.#.#o####...#.#.#
........@<...........
........####.#.#.#.#.
###.#...# #.#.#.# #
#...# #.#.# #
#..(.....#.#
..............
....#...........
....########### ...


You could see an orc (very poisoned).

Vanquished Creatures
  3 orcs (D:2)
  5 bats (D:1)
  An endoplasm (D:1)
  5 goblins (D:1)
  3 kobolds (D:1)
  2 quokkas
  2 ball pythons
  A frilled lizard (D:1)
  A rat (D:1)
23 creatures vanquished.

Vanquished Creatures (others)
  2 plants (D:2)
2 creatures vanquished.

Grand Total: 25 creatures vanquished

Notes
Turn   | Place    | Note
-------+----------+-------------------------------------------
     0 | D:1      | Smaepdii the Djinni Venom Mage began the quest for the Orb.
     0 | D:1      | Reached XP level 1. HP: 15/15 MP: 0/0
   116 | D:1      | Reached XP level 2. HP: 20/22 MP: 0/0
   701 | D:1      | Found Diuphet's Weapon Shoppe.
   724 | D:1      | Reached skill level 1 in Fighting
   823 | D:1      | Reached XP level 3. HP: 25/27 MP: 0/0
   823 | D:1      | Learned a level 1 spell: Shock
  1069 | D:2      | Slain by an orc

Illustrated notes

Levels and vault maps discovered:
D:1:      moated_graveyard_arrival, layout_rooms, serial_shops, shop,
          chequers_avenue
D:2:      layout_basic, hellmonk_ecumenical_altar_pennies_from_heaven,
          serial_bayou_lagoon_a, kennysheep_generic_room_14

Skill      XL: |  1  2 |
---------------+-------+-----
Fighting       | 1 |  1.1
Short Blades   | |  0.2
Dodging        | |  2.6
Stealth        | |  1.5
Spellcasting   | |  2.9

Action                   || total
-------------------------++-------
Melee: Dagger            ||    13
 Cast: Sting             ||    26
       Poisonous Vapours ||     4
       Mephitic Cloud    ||     1
Armor: Robe              ||     1
Dodge: Dodged            ||    10

Table legend: (Time is in decaauts)
 A = Elapsed time spent in this place.
 B = Non-inter-level travel time spent in this place.
 C = Inter-level travel time spent in this place.
 D = Time resting spent in this place.
 E = Time spent auto-exploring this place.
 F = Levels seen in this place.
 G = Mean time per level.
                   A        B        C        D        E       F      G
               +--------+--------+--------+--------+--------+-----+--------+
         Total |   1067 |   1047 |     20 |    274 |    603 |   2 |  533.5 |
       Dungeon |   1067 |   1047 |     20 |    274 |    603 |   2 |  533.5 |
               +--------+--------+--------+--------+--------+-----+--------+

Top non-repeatable levels by time:
     D:1: 1009 daAuts
     D:2: 58 daAuts
